 Dungeon Crawl Stone Soup version 0.21-a0-442-g848f44b (webtiles) character file.

41 Inectha the Shooter (level 3, 0/30 HPs)
             Began as a Centaur Hunter on Nov 12, 2017.
             Slain by an adder (2 damage)
             ... on level 2 of the Dungeon.
             The game lasted 00:06:19 (1005 turns).

Inectha the Shooter (Centaur Hunter)                Turns: 1005, Time: 00:06:20

Health: 0/30       AC:  4    Str: 14    XL:     3   Next: 32%
Magic:  3/3        EV:  9    Int: 10    God:
Gold:   20         SH:  0    Dex: 10    Spells: 2/2 levels left

rFire    . . .     SeeInvis .   b - +0 short sword
rCold    . . .     Gourm    .   (no shield)
rNeg     . . .     Faith    .   c - +0 leather armour
rPois    .         Spirit   .   (no helmet)
rElec    .         Reflect  .   (no cloak)
rCorr    .         Harm     .   (no gloves)
MR       .....                  (no barding)
Stlth    +.........             (no amulet)
HPRegen  0.10/turn              (no ring)
MPRegen  0.08/turn              (no ring)

@: lethally poisoned (0 -> -6), very quick
A: hooves 3, deformed body, speed 2, tough skin 3
a: no special abilities


You were on level 2 of the Dungeon.
You were not hungry.

You visited 1 branch of the dungeon, and saw 2 of its levels.

You collected 20 gold pieces.

Inventory:

Hand Weapons
 a - a +1 shortbow
 b - a +0 short sword (weapon)
Missiles
 d - 14 arrows
Armour
 c - a +0 leather armour (worn)
Scrolls
 j - a scroll of enchant armour
 k - a scroll of enchant weapon {unknown}
 l - a scroll of teleportation {unknown}
 m - a scroll of noise {unknown}
Potions
 h - a potion of agility {unknown}
Comestibles
 f - 2 bread rations
 g - a meat ration


   Skills:
 + Level 2.4 Fighting
 + Level 0.1 Short Blades
 + Level 6.2 Bows
 + Level 0.5 Armour
 + Level 1.4 Dodging
 + Level 0.4 Stealth


You had 2 spell levels left.
You didn't know any spells.

Dungeon Overview and Level Annotations

Branches:
Dungeon (2/15)

Altars:


Innate Abilities, Weirdness & Mutations

You have hooves in place of feet.
Armour fits poorly on your strangely shaped body.
You cover ground very quickly.
You have extremely tough skin. (AC +3)


Message History

You miss the adder. Your kick misses the adder.
The adder is severely wounded.
* * * LOW HITPOINT WARNING * * *
You feel sick. The adder bites you.
* * * LOW HITPOINT WARNING * * *
The adder closely misses you.
As you read the scroll labeled POYCVI FIKK, it crumbles to dust.
It is a scroll of identify.
j - a scroll of enchant armour The adder closely misses you. x2; The adder bites you but does no damage.
You hit the adder.
You kill the adder!
* * * LOW HITPOINT WARNING * * *
You feel sick. The adder bites you.
* * * LOW HITPOINT WARNING * * *
The adder bites you but does no damage.
You miss the frilled lizard.
* * * LOW HITPOINT WARNING * * *
You feel sick. The frilled lizard closely misses you. The adder bites you.
You die...

### #<#
##################.###
......S@l(...........#
......############(#.#
..... ........#+# ....
.##..#....... ... #.
#.#..... .. # #. ....l
. #. ..... .. ..... ##
.>...


You could see an adder and a frilled lizard.

Vanquished Creatures
  An adder (D:2)
  An ooze (D:1)
  3 leopard geckos (D:1)
  4 bats (D:1)
  A giant cockroach (D:1)
  5 goblins (D:1)
  2 hobgoblins (D:1)
  2 kobolds (D:1)
  2 frilled lizards (D:1)
  2 rats (D:1)
23 creatures vanquished.

Notes
Turn   | Place    | Note
-------+----------+-------------------------------------------
     0 | D:1      | Inectha the Centaur Hunter began the quest for the Orb.
     0 | D:1      | Reached XP level 1. HP: 17/17 MP: 1/1
   110 | D:1      | Reached XP level 2. HP: 14/24 MP: 2/2
   330 | D:1      | Reached skill level 6 in Bows
   653 | D:1      | Reached XP level 3. HP: 27/30 MP: 3/3
  1005 | D:2      | Slain by an adder

Vault maps used:
D:1:      mrwooster_arrival_statue_3

Skill      XL: |  1  2 |
---------------+-------+-----
Bows           | 6 |  6.2
Fighting       | |  2.4
Short Blades   | |  0.1
Armour         | |  0.5
Dodging        | |  1.4
Stealth        | |  0.4

Action                   || total
-------------------------++-------
Melee: Short sword       ||    26
       Kick              ||     2
 Fire: Shortbow          ||    41
  Use: Scroll            ||     2
Armor: Leather armour    ||    17
Dodge: Dodged            ||    30

Table legend:
 A = Spawn XP
 B = Non-spawn XP
 C = Spawn XP percentage of total XP
 D = Spawn monster count
 E = Non-spawn monster count
 F = Spawn count percentage of total count
 G = Total turns spent on level
                    A         B        C        D         E        F      G
               +---------+---------+-------+---------+---------+-------+---------
         Total |       0 |      59 |   0.0 |       0 |      23 |   0.0 |  1005
               +---------+---------+-------+---------+---------+-------+---------
           D:1 |       0 |      46 |   0.0 |       0 |      22 |   0.0 |   975
           D:2 |       0 |      13 |   0.0 |       0 |       1 |   0.0 |    30
               +---------+---------+-------+---------+---------+-------+---------
